 Dungeon Crawl Stone Soup version 0.29.0-4-gdea44cf6ec (webtiles) character file.

Game seed: 16483352720589876097

8290 qw the Cleaver (level 11, -1/64 HPs)
             Began as a Tengu Warper on Aug 28, 2022.
             Was an Elder of Okawaru.
             Slain by an orc warrior
             ... wielding a +0 battleaxe
              (6 damage)
             ... on level 10 of the Dungeon.
             The game lasted 00:01:32 (10997 turns).

qw the Cleaver (Tengu Warper)                      Turns: 10997, Time: 00:01:33

Health: -1/64      AC: 17    Str: 20 (21) XL:     11   Next: 28%
Magic:  14/15      EV:  9    Int: 15      God:    Okawaru [****..]
Gold:   604        SH: 21    Dex: 15 (17) Spells: 14/14 levels left

rFire   . . .      SeeInvis .   a - +4 war axe of Income {pain, rCorr Dex+4}
rCold   . . .      Faith    .   b - +2 tower shield
rNeg    . . .      Spirit   .   e - +0 plate armour
rPois   +          Reflect  .   (helmet restricted)
rElec   .          Harm     .   d - +0 cloak
rCorr   +          Rampage  .   p - +0 pair of gloves of Gravitas {rCorr Str+6}
Will    .....                   (boots unavailable)
Stlth   ..........              n - amulet of the acrobat
HPRegen 0.20/turn               o - ring of poison resistance
MPRegen 0.14/turn               (no ring)

@: heroic, flying quickly and evasively, slowed, very slow
A: beak, talons 3, nimble flight
a: Renounce Religion, Heroism, Finesse


You were on level 10 of the Dungeon.
You worshipped Okawaru.
Okawaru was greatly pleased with you.
You visited 1 branch of the dungeon, and saw 10 of its levels.

You collected 614 gold pieces.
You spent 10 gold pieces at shops.


Innate Abilities, Weirdness & Mutations

You have a beak for a mouth.
You have claws for feet.
Your magical nature lets you fly swiftly and evasively.


   Skills:
 - Level 5.2(10.2) Fighting
 - Level 11.1(16.1) Axes
 - Level 1.0(6.0) Throwing
 - Level 5.2(10.2) Armour
 - Level 4.1(9.1) Dodging
 + Level 10.5(15.5) Shields
 - Level 2.0 Spellcasting
 - Level 2.4 Translocations
 + Level 4.9 Invocations


You had 14 spell levels left.
You didn't know any spells.
Your spell library contained the following spells:

 Spells                   Type           Power      Damage    Failure   Level
 Blink                    Tloc           16%        N/A       100%        2
 Gell's Gravitas          Tloc           8%         N/A       100%        3
 Lesser Beckoning         Tloc           8%         N/A       100%        3
 Teleport Other           Tloc           8%         N/A       100%        3
 Manifold Assault         Tloc           8%         N/A       100%        5

Inventory:

Hand Weapons
 a - the +4 war axe of Income (weapon) {pain, rCorr Dex+4}
   (You acquired it on level 1 of the Dungeon)

   In the hands of one skilled in necromantic magic, it inflicts extra damage on
   living creatures.
   Dex:       It affects your dexterity (+4).
   rCorr:     It protects you from acid and corrosion.
 h - a +1 war axe of flaming
Armour
 b - a +2 tower shield (worn)
 d - a +0 cloak (worn)
 e - a +0 plate armour (worn)
 p - the +0 pair of gloves of Gravitas (worn) {rCorr Str+6}
   (You acquired it on level 4 of the Dungeon)

   Str:       It affects your strength (+6).
   rCorr:     It protects you from acid and corrosion.
Jewellery
 n - an amulet of the acrobat (around neck)
 o - a ring of poison resistance (left hand)
Scrolls
 k - a scroll of identify
Potions
 g - 2 potions of mutation
 i - 2 potions of curing
 j - a potion of cancellation {unknown}
 l - a potion of might {unknown}
 r - 2 potions of resistance

Dungeon Overview and Level Annotations

Branches:
Dungeon (10/15)            Temple (0/1) D:5
   Lair: D:8-11         Orc: D:9-12

Altars:
Cheibriados
Dithmenos
Elyvilon
Fedhas
Gozag
Kikubaaqudgha
Makhleb
Okawaru
Ru
Sif Muna
Uskayaw
Vehumet
Wu Jian
The Shining One

Shops:
D:1 (*   D:5 *   D:7 [

Annotations:
D:5 2 transporters
D:7 1 runed translucent door, Crazy Yiuf


Message History

The wight barely misses you.
The centaur wields a +0 shortbow.
The centaur shoots an arrow.
The arrow hits you but does no damage.
You slash the orc warrior!
You claw the orc warrior, but do no damage.
The orc warrior is moderately wounded.
You hit the wight. You hit the orc. You block the orc's attack.
You block the hornet's attack.
An orc comes into view. It is wielding a +0 dagger.
The orc warrior barely misses you. You block the wight's attack.
The orc shouts!
You slash the orc!
You kill the orc!
Okawaru accepts your kill.
You hit the orc warrior. You hit the centaur. You closely miss the wight.
You hit the hornet.
The centaur unwields a +0 shortbow.
The centaur hits you but does no damage.
You block the centaur's attack. The hornet stings you!
The orc warrior hits you but does no damage.
You completely miss the orc warrior. Your kick misses the orc warrior.
The orc warrior is heavily wounded.
You hit the wight but do no damage. You slash the centaur! You hit the wight.
You closely miss the hornet. You block the centaur's attack.
The centaur closely misses you. The hornet stings you.
You feel yourself slow down. You block the centaur's attack.
The centaur kicks you but does no damage.
An orc comes into view. It is wielding a +0 mace.
The orc warrior closely misses you. You block the wight's attack.
The wight closely misses you.
The hornet stings you but does no damage.
The orc shouts!
You slash the orc warrior! You peck the orc warrior.
The orc warrior is almost dead.
You slash the wight! You barely miss the hornet. You hit the wight.
You slash the orc priest! You slash the centaur!
You block the centaur's attack. x2; You block the hornet's attack.
The orc priest begins to cast a cantrip, but forgets the words!
The orc warrior hits you with a +0 battleaxe.
You die...

##........
##........
##...(7...
##........
#..7.<...
#.....oz
#..oz7# #.c@z#
##.###yo##
#.....o..#
#.....o.......
#......o.....#
##.
##............
...
#.......o.....
...
...............
...
.###...........


You could see a hornet, an orc warrior, a centaur, 3 wights, an orc priest, an
orc wizard and 4 orcs.

Vanquished Creatures
  Joseph (D:7)
  A gargoyle (D:9)
  A molten gargoyle (D:10)
  A wyvern (D:8)
  20 yaks
  A wraith (D:9)
  A water moccasin (D:7)
  5 orc warriors
  A sky beast (D:7)
  3 ice beasts
  2 ogres
  3 black bears
  2 centaurs (D:9)
  A phantom (D:6)
  2 kobold brigands
  A gnoll sergeant (D:7)
  2 necrophages (D:6)
  A bullfrog (D:6)
  A scorpion (D:6)
  8 wights
  11 killer bees
  4 howler monkeys
  4 hounds
  2 jellies
  10 orc priests
  A gnoll bouda (D:9)
  5 iguanas
  7 orc wizards
  Robin (D:3)
  8 adders
  8 gnolls
  2 shadow imps (D:6)
  A white imp (D:6)
  2 ufetubi (D:5)
  6 worms
  A dart slug (D:4)
  34 orcs
  8 bats
  3 endoplasms
  3 giant cockroaches
  13 hobgoblins
  5 jackals
  4 quokkas
  7 ball pythons
  4 frilled lizards
  15 goblins
  12 kobolds
  2 rats
241 creatures vanquished.

Vanquished Creatures (others)
  21 plants (D:1)
21 creatures vanquished.

Grand Total: 262 creatures vanquished

Notes
Turn   | Place    | Note
-------+----------+-------------------------------------------
     0 | D:1      | qw the Tengu Warper began the quest for the Orb.
     0 | D:1      | Reached XP level 1. HP: 12/12 MP: 4/4
     0 | D:1      | 0 ||| qw: Version: 0.1-a-89-g26bdef1
     0 | D:1      | 0 ||| qw: Game counter: 2752
     0 | D:1      | 0 ||| qw: Always use a shield: true
     0 | D:1      | 0 ||| qw: God list: Okawaru
     0 | D:1      | 0 ||| qw: Allow faded altars: false
     0 | D:1      | 0 ||| qw: Do Orc after D:15 true
     0 | D:1      | 0 ||| qw: Do second Lair branch before Depths: true
     0 | D:1      | 0 ||| qw: Lair rune preference: random
     0 | D:1      | 0 ||| qw: Plans: Normal
     0 | D:1      | 0 ||| PLANNING D:1-11
   228 | D:1      | Found Xiacis's Antique Weapon Shop.
   238 | D:1      | 238 ||| SHOPLISTING runed hand axe (138 gold, have 14).
   238 | D:1      | 238 ||| SHOPLISTING whip (57 gold, have 14).
   321 | D:1      | Found Yczin's General Store.
   328 | D:1      | 328 ||| SHOPLISTING +0 ring mail (40 gold, have 14).
   328 | D:1      | 328 ||| SHOPLISTING +0 scale mail of poison resistance (80
                  | gold, have 14).
   328 | D:1      | 328 ||| SHOPLISTING +6 ring of dexterity (360 gold, have
                  | 14).
   328 | D:1      | 328 ||| SHOPLISTING scroll of teleportation (30 gold, have
                  | 14).
   338 | D:1      | Found a faded altar of an unknown god.
   755 | D:1      | 755 ||| UPGRADING to +0 cloak.
   760 | D:1      | 760 ||| READING scroll labelled LUSEGO ZAMIXT.
   760 | D:1      | Identified a scroll of acquirement
   760 | D:1      | 760 ||| ACQUIRING +4 war axe of Income {pain, rCorr Dex+4}
   760 | D:1      | Acquired the +4 war axe of Income {pain, rCorr Dex+4}
   762 | D:1      | 762 ||| SWAPPING to +4 war axe of Income {pain, rCorr
                  | Dex+4}.
   763 | D:1      | 763 ||| DROPPING +0 hand axe.
   764 | D:1      | 764 ||| READING scroll labelled GUCOUSCH FAEMMOBLU.
   765 | D:1      | 765 ||| DROPPING scroll of blinking.
   797 | D:2      | 797 ||| Stepping ~*~*~tactically~*~*~ (stealth).
   802 | D:2      | Reached skill level 3 in Axes
   802 | D:2      | Reached XP level 2. HP: 15/17 MP: 6/6
   833 | D:2      | 833 ||| Stepping ~*~*~tactically~*~*~ (stealth).
   835 | D:2      | 835 ||| Stepping ~*~*~tactically~*~*~ (stealth).
   853 | D:2      | 853 ||| Stepping ~*~*~tactically~*~*~ (stealth).
   859 | D:2      | 859 ||| Stepping ~*~*~tactically~*~*~ (stealth).
   860 | D:2      | 860 ||| Stepping ~*~*~tactically~*~*~ (stealth).
   868 | D:2      | Reached skill level 4 in Axes
   868 | D:2      | Reached XP level 3. HP: 20/21 MP: 7/7
  1094 | D:2      | Found a white marble altar of Elyvilon.
  1283 | D:2      | 1283 ||| Stepping ~*~*~tactically~*~*~ (stealth).
  1298 | D:2      | 1298 ||| Stepping ~*~*~tactically~*~*~ (hiding).
  1400 | D:2      | 1400 ||| Stepping ~*~*~tactically~*~*~ (hiding).
  1401 | D:2      | 1401 ||| Stepping ~*~*~tactically~*~*~ (hiding).
  1527 | D:2      | 1527 ||| Stepping ~*~*~tactically~*~*~ (stealth).
  1694 | D:2      | 1694 ||| READING scroll labelled XOLLURYVAE.
  1720 | D:3      | 1720 ||| Stepping ~*~*~tactically~*~*~ (stealth).
  1723 | D:3      | 1723 ||| Stepping ~*~*~tactically~*~*~ (stealth).
  1729 | D:3      | Reached XP level 4. HP: 20/26 MP: 8/8
  1835 | D:3      | Reached skill level 5 in Axes
  2060 | D:3      | 2060 ||| DROPPING +0 club.
  2064 | D:3      | Found an ancient bone altar of Kikubaaqudgha.
  2148 | D:3      | Found a burning altar of Makhleb.
  2185 | D:3      | Found a sacrificial altar of Ru.
  2186 | D:3      | 2186 ||| Stepping ~*~*~tactically~*~*~ (hiding).
  2194 | D:3      | Gained mutation: Your magical nature lets you fly swiftly
                  | and evasively. [Tengu growth]
  2194 | D:3      | Reached XP level 5. HP: 29/30 MP: 9/9
  2197 | D:3      | 2197 ||| Stepping ~*~*~tactically~*~*~ (stealth).
  2199 | D:3      | 2199 ||| Stepping ~*~*~tactically~*~*~ (stealth).
  2201 | D:3      | 2201 ||| Stepping ~*~*~tactically~*~*~ (stealth).
  2203 | D:3      | 2203 ||| Stepping ~*~*~tactically~*~*~ (stealth).
  2219 | D:3      | 2219 ||| Stepping ~*~*~tactically~*~*~ (stealth).
  2220 | D:3      | 2220 ||| Stepping ~*~*~tactically~*~*~ (stealth).
  2221 | D:3      | 2221 ||| Stepping ~*~*~tactically~*~*~ (stealth).
  2229 | D:3      | 2229 ||| Stepping ~*~*~tactically~*~*~ (hiding).
  2236 | D:3      | Reached skill level 6 in Axes
  2390 | D:3      | Found an ornate altar of the Wu Jian Council.
  2505 | D:3      | 2505 ||| Stepping ~*~*~tactically~*~*~ (stealth).
  2510 | D:3      | Noticed Robin
  2511 | D:3      | 2511 ||| Stepping ~*~*~tactically~*~*~ (stealth).
  2531 | D:3      | HP: 4/30 [Robin/+7 mace of protection (12)]
  2533 | D:3      | Killed Robin
  2792 | D:3      | 2792 ||| DROPPING +0 flail.
  2831 | D:3      | Noticed an ogre
  2838 | D:3      | Killed an ogre
  2839 | D:3      | Reached XP level 6. HP: 35/35 MP: 10/10
  2956 | D:3      | Found a shimmering blue altar of Sif Muna.
  3151 | D:3      | 3151 ||| UPGRADING to +0 scale mail.
  3161 | D:3      | 3161 ||| DROPPING +0 leather armour.
  3162 | D:3      | 3162 ||| DROPPING +0 ring mail.
  3163 | D:3      | 3163 ||| UPGRADING to amulet of the acrobat.
  3168 | D:3      | 3168 ||| READING scroll labelled EBRAUG EJOMUO.
  3169 | D:3      | 3169 ||| READING scroll labelled SERENO MISCH.
  3248 | D:4      | Found an opulent altar of Gozag.
  3284 | D:4      | 3284 ||| Stepping ~*~*~tactically~*~*~ (stealth).
  3286 | D:4      | 3286 ||| Stepping ~*~*~tactically~*~*~ (stealth).
  3289 | D:4      | 3289 ||| Stepping ~*~*~tactically~*~*~ (hiding).
  3290 | D:4      | 3290 ||| Stepping ~*~*~tactically~*~*~ (stealth).
  3291 | D:4      | 3291 ||| Stepping ~*~*~tactically~*~*~ (stealth).
  3293 | D:4      | 3293 ||| Stepping ~*~*~tactically~*~*~ (stealth).
  3294 | D:4      | 3294 ||| Stepping ~*~*~tactically~*~*~ (stealth).
  3306 | D:4      | 3306 ||| Stepping ~*~*~tactically~*~*~ (stealth).
  3359 | D:4      | 3359 ||| Stepping ~*~*~tactically~*~*~ (stealth).
  3573 | D:4      | 3573 ||| READING scroll of acquirement.
  3573 | D:4      | 3573 ||| ACQUIRING +0 pair of gloves of Gravitas {rCorr
                  | Str+6}
  3573 | D:4      | Acquired the +0 pair of gloves of Gravitas {rCorr Str+6}
  3575 | D:4      | 3575 ||| UPGRADING to +2 tower shield.
  3580 | D:4      | 3580 ||| UPGRADING to +0 pair of gloves of Gravitas {rCorr
                  | Str+6}.
  3863 | D:4      | Reached skill level 1 in Shields
  4106 | D:4      | Reached XP level 7. HP: 40/40 MP: 11/11
  4235 | D:4      | 4235 ||| READING scroll labelled SEWKEL PETH.
  4236 | D:4      | 4236 ||| READING scroll labelled SIL TUAJUDGHAV.
  4378 | D:4      | 4378 ||| READING 2 scrolls of identify.
  4378 | D:4      | 4378 ||| IDENTIFYING fuming grey potion
  4379 | D:4      | 4379 ||| DROPPING potion of lignification.
  4402 | D:5      | Entered Level 5 of the Dungeon
  4407 | D:5      | 4407 ||| Stepping ~*~*~tactically~*~*~ (stealth).
  4410 | D:5      | 4410 ||| Stepping ~*~*~tactically~*~*~ (stealth).
  4413 | D:5      | 4413 ||| Stepping ~*~*~tactically~*~*~ (stealth).
  4415 | D:5      | 4415 ||| Stepping ~*~*~tactically~*~*~ (stealth).
  4421 | D:5      | Reached skill level 3 in Shields
  4446 | D:5      | 4446 ||| DROPPING +7 mace of protection.
  4519 | D:5      | Found Koodgh's CLEARANCE SALE!.
  4526 | D:5      | 4526 ||| BUYING scroll of identify (10 gold).
  4526 | D:5      | Bought a scroll of identify for 10 gold pieces
  4576 | D:5      | Found an iron altar of Okawaru.
  4585 | D:5      | Became a worshipper of Warmaster Okawaru
  4659 | D:5      | Noticed a small abomination
  4674 | D:5      | Noticed an ancient zyme
  4725 | D:5      | Found a transporter.
  4742 | D:5      | Found a transporter.
  4805 | D:5      | 4805 ||| Stepping ~*~*~tactically~*~*~ (stealth).
  4806 | D:5      | 4806 ||| Stepping ~*~*~tactically~*~*~ (stealth).
  4808 | D:5      | 4808 ||| Stepping ~*~*~tactically~*~*~ (stealth).
  4817 | D:5      | Found a snail-covered altar of Cheibriados.
  4895 | D:5      | Found a staircase to the Ecumenical Temple.
  4899 | D:5      | 4899 ||| UPGRADING to ring of poison resistance.
  4900 | D:5      | 4900 ||| READING scroll labelled YRPHUE COZXE.
  4901 | D:5      | 4901 ||| READING scroll labelled WUR JOSEGGECUO.
  4902 | D:5      | 4902 ||| DRINKING 2 smoky dark potions.
  4903 | D:5      | 4903 ||| DRINKING 2 lumpy white potions.
  4904 | D:5      | 4904 ||| READING 2 scrolls of identify.
  4904 | D:5      | 4904 ||| IDENTIFYING pink potion
  4905 | D:5      | 4905 ||| DROPPING potion of flight.
  4906 | D:5      | 4906 ||| DROPPING potion of invisibility.
  4940 | D:6      | 4940 ||| Stepping ~*~*~tactically~*~*~ (stealth).
  4943 | D:6      | Reached XP level 8. HP: 42/44 MP: 12/12
  4965 | D:6      | Reached skill level 6 in Shields
  4969 | D:6      | 4969 ||| Stepping ~*~*~tactically~*~*~ (stealth).
  4985 | D:6      | 4985 ||| Stepping ~*~*~tactically~*~*~ (stealth).
  5016 | D:6      | 5016 ||| FLEEEEING.
  5017 | D:6      | 5017 ||| FLEEEEING.
  5018 | D:6      | 5018 ||| FLEEEEING.
  5019 | D:6      | 5019 ||| FLEEEEING.
  5020 | D:6      | 5020 ||| FLEEEEING.
  5021 | D:6      | 5021 ||| FLEEEEING.
  5022 | D:6      | 5022 ||| FLEEEEING.
  5023 | D:6      | 5023 ||| FLEEEEING.
  5030 | D:6      | Reached * piety under Okawaru
  5132 | D:6      | 5132 ||| Stepping ~*~*~tactically~*~*~ (stealth).
  5304 | D:6      | 5304 ||| Stepping ~*~*~tactically~*~*~ (stealth).
  5306 | D:6      | 5306 ||| INVOKING Heroism.
  5314 | D:6      | Reached skill level 1 in Invocations
  5314 | D:6      | 5314 ||| Stepping ~*~*~tactically~*~*~ (stealth).
  5329 | D:6      | 5329 ||| Stepping ~*~*~tactically~*~*~ (hiding).
  5331 | D:6      | 5331 ||| Stepping ~*~*~tactically~*~*~ (hiding).
  5332 | D:6      | 5332 ||| Stepping ~*~*~tactically~*~*~ (hiding).
  5456 | D:6      | Reached skill level 7 in Axes
  5488 | D:6      | 5488 ||| DROPPING +5 flail of freezing.
  5528 | D:6      | 5528 ||| Stepping ~*~*~tactically~*~*~ (stealth).
  5530 | D:6      | 5530 ||| Stepping ~*~*~tactically~*~*~ (stealth).
  5531 | D:6      | 5531 ||| Stepping ~*~*~tactically~*~*~ (stealth).
  5534 | D:6      | 5534 ||| Stepping ~*~*~tactically~*~*~ (stealth).
  5535 | D:6      | 5535 ||| Stepping ~*~*~tactically~*~*~ (stealth).
  5537 | D:6      | 5537 ||| Stepping ~*~*~tactically~*~*~ (stealth).
  5539 | D:6      | 5539 ||| Stepping ~*~*~tactically~*~*~ (stealth).
  5574 | D:6      | 5574 ||| Stepping ~*~*~tactically~*~*~ (stealth).
  5583 | D:6      | 5583 ||| INVOKING Heroism.
  6125 | D:6      | 6125 ||| UPGRADING to +0 plate armour.
  6135 | D:6      | 6135 ||| DROPPING +0 scale mail.
  6136 | D:6      | 6136 ||| READING scroll labelled HAX RUPUEMMEWK.
  6137 | D:6      | 6137 ||| READING scroll labelled ITALIS ZEC.
  6142 | D:6      | 6142 ||| DRINKING 2 golden potions.
  6247 | D:6      | 6247 ||| DROPPING potion of berserk rage.
  6335 | D:7      | 6335 ||| INVOKING Heroism.
  6340 | D:7      | Reached skill level 3 in Invocations
  6358 | D:7      | 6358 ||| INVOKING Heroism.
  6382 | D:7      | Reached XP level 9. HP: 49/49 MP: 13/13
  6504 | D:7      | Found Ohirriemn's Antique Armour Shop.
  6518 | D:7      | 6518 ||| INVOKING Heroism.
  6526 | D:7      | Reached skill level 3 in Armour
  6533 | D:7      | 6533 ||| FLEEEEING.
  6534 | D:7      | 6534 ||| FLEEEEING.
  6535 | D:7      | 6535 ||| FLEEEEING.
  6536 | D:7      | 6536 ||| FLEEEEING.
  6540 | D:7      | 6540 ||| FLEEEEING.
  6541 | D:7      | 6541 ||| FLEEEEING.
  6542 | D:7      | 6542 ||| FLEEEEING.
  6543 | D:7      | 6543 ||| FLEEEEING.
  6544 | D:7      | 6544 ||| FLEEEEING.
  6545 | D:7      | 6545 ||| FLEEEEING.
  6546 | D:7      | 6546 ||| FLEEEEING.
  6547 | D:7      | 6547 ||| FLEEEEING.
  6548 | D:7      | 6548 ||| FLEEEEING.
  6549 | D:7      | 6549 ||| FLEEEEING.
  6550 | D:7      | 6550 ||| FLEEEEING.
  6551 | D:7      | 6551 ||| FLEEEEING.
  6552 | D:7      | 6552 ||| FLEEEEING.
  6553 | D:7      | 6553 ||| FLEEEEING.
  6557 | D:7      | 6557 ||| STAIRDANCE
  6632 | D:6      | 6632 ||| READING 3 scrolls of identify.
  6632 | D:6      | 6632 ||| IDENTIFYING fizzy brown potion
  6633 | D:6      | 6633 ||| READING 2 scrolls of identify.
  6633 | D:6      | 6633 ||| IDENTIFYING ruby potion
  6634 | D:6      | 6634 ||| DROPPING potion of ambrosia.
  6635 | D:6      | 6635 ||| DROPPING potion of brilliance.
  6660 | D:7      | Reached skill level 3 in Fighting
  6707 | D:7      | 6707 ||| SHOPLISTING shadow dragon scales (1920 gold, have
                  | 352).
  6713 | D:7      | 6713 ||| FLEEEEING.
  6714 | D:7      | 6714 ||| FLEEEEING.
  6715 | D:7      | 6715 ||| FLEEEEING.
  6716 | D:7      | 6716 ||| FLEEEEING.
  6736 | D:7      | 6736 ||| DRINKING 2 potions of curing.
  6736 | D:7      | 6736 ||| (to cure confusion)
  6799 | D:7      | 6799 ||| FLEEEEING.
  6800 | D:7      | 6800 ||| FLEEEEING.
  6801 | D:7      | 6801 ||| FLEEEEING.
  6802 | D:7      | 6802 ||| FLEEEEING.
  6813 | D:7      | 6813 ||| FLEEEEING.
  6824 | D:7      | 6824 ||| FLEEEEING.
  6837 | D:7      | 6837 ||| FLEEEEING.
  6839 | D:7      | 6839 ||| FLEEEEING.
  6840 | D:7      | 6840 ||| FLEEEEING.
  6841 | D:7      | 6841 ||| FLEEEEING.
  6842 | D:7      | 6842 ||| FLEEEEING.
  6843 | D:7      | 6843 ||| FLEEEEING.
  6848 | D:7      | 6848 ||| Stepping ~*~*~tactically~*~*~ (hiding).
  6851 | D:7      | 6851 ||| INVOKING Heroism.
  6947 | D:7      | 6947 ||| INVOKING Heroism.
  6960 | D:7      | 6960 ||| INVOKING Heroism.
  7134 | D:7      | 7134 ||| Stepping ~*~*~tactically~*~*~ (stealth).
  7135 | D:7      | 7135 ||| Stepping ~*~*~tactically~*~*~ (stealth).
  7150 | D:7      | 7150 ||| INVOKING Heroism.
  7278 | D:7      | Found a runed translucent door.
  7279 | D:7      | Noticed Crazy Yiuf
  7484 | D:7      | Noticed Joseph
  7496 | D:7      | 7496 ||| INVOKING Heroism.
  7501 | D:7      | Killed Joseph
  7502 | D:7      | Reached skill level 8 in Axes
  7802 | D:7      | Found a white marble altar of Elyvilon.
  8100 | D:7      | 8100 ||| READING 3 scrolls of identify.
  8100 | D:7      | 8100 ||| IDENTIFYING blue potion
  8101 | D:7      | 8101 ||| READING 2 scrolls of identify.
  8101 | D:7      | 8101 ||| IDENTIFYING viscous clear potion
  8129 | D:8      | 8129 ||| STAIRDANCE
  8184 | D:8      | 8184 ||| STAIRDANCE
  8247 | D:8      | 8247 ||| STAIRDANCE
  8369 | D:8      | Found a radiant altar of Vehumet.
  8384 | D:8      | 8384 ||| INVOKING Heroism.
  8395 | D:8      | Reached skill level 9 in Axes
  8403 | D:8      | Reached XP level 10. HP: 56/56 MP: 14/14
  8412 | D:8      | 8412 ||| Stepping ~*~*~tactically~*~*~ (stealth).
  8413 | D:8      | 8413 ||| Stepping ~*~*~tactically~*~*~ (stealth).
  8418 | D:8      | 8418 ||| INVOKING Heroism.
  8429 | D:8      | 8429 ||| INVOKING Heroism.
  8433 | D:8      | Reached ** piety under Okawaru
  8434 | D:8      | Reached skill level 9 in Shields
  8444 | D:8      | 8444 ||| FLEEEEING.
  8445 | D:8      | 8445 ||| FLEEEEING.
  8446 | D:8      | 8446 ||| FLEEEEING.
  8447 | D:8      | 8447 ||| FLEEEEING.
  8448 | D:8      | 8448 ||| FLEEEEING.
  8449 | D:8      | 8449 ||| FLEEEEING.
  8450 | D:8      | 8450 ||| FLEEEEING.
  8451 | D:8      | 8451 ||| FLEEEEING.
  8452 | D:8      | 8452 ||| FLEEEEING.
  8453 | D:8      | 8453 ||| FLEEEEING.
  8457 | D:8      | 8457 ||| FLEEEEING.
  8458 | D:8      | 8458 ||| FLEEEEING.
  8459 | D:8      | 8459 ||| FLEEEEING.
  8460 | D:8      | 8460 ||| STAIRDANCE
  8630 | D:7      | 8630 ||| READING 2 scrolls of identify.
  8630 | D:7      | 8630 ||| IDENTIFYING bubbling ruby potion
  8631 | D:7      | 8631 ||| DROPPING potion of attraction.
  8669 | D:8      | Found a blossoming altar of Fedhas.
  8813 | D:8      | Found a shadowy altar of Dithmenos.
  9062 | D:8      | 9062 ||| READING 2 scrolls of identify.
  9062 | D:8      | 9062 ||| IDENTIFYING silvery potion
  9148 | D:9      | Noticed a gargoyle
  9152 | D:9      | 9152 ||| INVOKING Heroism.
  9157 | D:9      | Killed a gargoyle
  9401 | D:9      | Found a hide-covered altar of Uskayaw.
  9490 | D:9      | 9490 ||| INVOKING Heroism.
  9656 | D:9      | 9656 ||| INVOKING Heroism.
  9663 | D:9      | Reached skill level 10 in Axes
  9945 | D:9      | 9945 ||| Stepping ~*~*~tactically~*~*~ (stealth).
  9947 | D:9      | 9947 ||| INVOKING Heroism.
 10230 | D:9      | 10230 ||| INVOKING Heroism.
 10237 | D:9      | Reached *** piety under Okawaru
 10363 | D:9      | 10363 ||| INVOKING Heroism.
 10373 | D:9      | Reached XP level 11. HP: 59/64 MP: 13/15
 10380 | D:9      | Reached **** piety under Okawaru
 10381 | D:9      | Reached skill level 11 in Axes
 10489 | D:9      | 10489 ||| Stepping ~*~*~tactically~*~*~ (hiding).
 10491 | D:9      | 10491 ||| Stepping ~*~*~tactically~*~*~ (hiding).
 10585 | D:9      | 10585 ||| READING scroll labelled ESUORO QUAHAB.
 10586 | D:9      | 10586 ||| READING scroll labelled QEVATO PICAN.
 10587 | D:9      | 10587 ||| READING scroll labelled GUMPUCW SULLIPI.
 10688 | D:9      | 10688 ||| DRINKING 2 white potions.
 10689 | D:9      | 10689 ||| DROPPING potion of degeneration.
 10734 | D:10     | Entered Level 10 of the Dungeon
 10791 | D:10     | 10791 ||| INVOKING Heroism.
 10941 | D:10     | Found a glowing golden altar of the Shining One.
 10984 | D:10     | 10984 ||| INVOKING Heroism.
 10985 | D:10     | HP: 4/64 [molten gargoyle/bolt of magma (18)]
 10986 | D:10     | 10986 ||| READING scroll of teleportation.
 10987 | D:10     | 10987 ||| DRINKING potion of heal wounds.
 10995 | D:10     | HP: 10/64 [hornet (8)]
 10997 | D:10     | Slain by an orc warrior

Levels and vault maps discovered:
D:1:      zaba_arrival_water, layout_basic, nicolae_ecumenical_snake_handling,
          serial_bayou, serial_bayou_shore_a, serial_bayou_pond_d,
          serial_bayou_lagoon_a, serial_bayou_pond_d, serial_shops,
          nicolae_shop_advertising_works [nicolae_subvault_shop_adworks], shop,
          minmay_curled_crystal, minmay_misc_feat_tiny
D:2:      layout_rooms, basic_altar, interstate_on_off, minmay_misc_feat_cross
D:3:      minmay_octagon_keep, layout_basic, overflow_temple_1_default,
          nicolae_ru_great_annihilating_truth, mainiacjoe_overflow_paths,
          nicolae_kikubaaqudgha_miasma_corner,
          mainiacjoe_overflow_surrounded_room, uniq_robin
D:4:      layout_basic, nicolae_gozag_seed_capital
D:5:      layout_rooms, mainiacjoe_overflow_24_doors,
          mainiacjoe_overflow_alcove_1, temple_hall,
          gammafunk_ghost_abyssal_escape, nicolae_shop_clearance
D:6:      layout_gridville
D:7:      layout_layer_cave, mainiacjoe_overflow_cross_hatched, serial_shops,
          nicolae_shop_hallway_stairs, uniq_crazy_yiuf_cottage, uniq_joseph
D:8:      layout_rooms, nicolae_dithmenos_the_darkroom, fedhas_ov_isle_minmay,
          vehumet_crystals
D:9:      layout_grid_maze, mainiacjoe_overflow_six_doors_small
D:10:     layout_cave_pods, lemuel_doored_altar, kennysheep_little_box,
          enter_bailey_3, grunt_ministairs_1, minivault_8, uniq_maggie

Skill      XL: |  1  2  3  4  5  6  7  8  9 10 11 |
---------------+----------------------------------+-----
Axes           | 3 4 5 6 7 9 10 11 | 11.1
Dodging        | 4 |  4.1
Shields        | 2 5 7 8 10 | 10.5
Invocations    | 3 4 |  4.9
Armour         | 2 3 5 |  5.2
Fighting       | 3 5 |  5.2
Throwing       | |  1.0
Spellcasting   | |  2.0
Translocations | |  2.4

Action                   |  1- 3 |  4- 6 |  7- 9 | 10-12 || total
-------------------------+-------+-------+-------+-------++-------
Melee: Hand axe          |     9 |       |       |       ||     9
       War axe           |    52 |   113 |   189 |   186 ||   540
       Kick              |    11 |    30 |    56 |    60 ||   157
       Peck              |    12 |    18 |    34 |    42 ||   106
Throw: Boomerang         |     7 |    24 |    68 |       ||    99
Invok: Heroism           |       |       |    11 |    10 ||    21
  Use: Scroll            |     3 |     3 |    12 |     6 ||    24
       Potion            |       |       |     4 |     2 ||     6
 Stab: Invisible         |       |     1 |       |       ||     1
       Paralysed         |       |     1 |       |       ||     1
Armor: Leather armour    |    15 |    10 |       |       ||    25
       Scale mail        |       |     7 |    20 |       ||    27
       Plate armour      |       |       |    38 |    58 ||    96
Dodge: Dodged            |    42 |    54 |    39 |    47 ||   182
Block: Tower shield      |       |    12 |   170 |   197 ||   379

Table legend:
 A = Non-vault XP
 B = Vault XP
 C = Vault XP percentage of total XP
 D = Non-vault monster count
 E = Vault monster count
 F = Vault count percentage of total count
                 A         B        C        D         E       F
            +---------+---------+-------+---------+---------+-------
      Total |   10675 |    1169 |   9.9 |     212 |      29 |  12.0
            +---------+---------+-------+---------+---------+-------
        D:1 |       8 |       1 |  11.1 |       6 |       1 |  14.3
        D:2 |      69 |       0 |   0.0 |      21 |       0 |   0.0
        D:3 |     121 |     212 |  63.7 |      19 |      24 |  55.8
        D:4 |     227 |       0 |   0.0 |      28 |       0 |   0.0
        D:5 |     538 |       0 |   0.0 |      15 |       0 |   0.0
        D:6 |    1051 |       0 |   0.0 |      26 |       0 |   0.0
        D:7 |    1526 |     455 |  23.0 |      34 |       1 |   2.9
        D:8 |    1249 |       0 |   0.0 |      18 |       0 |   0.0
        D:9 |    4680 |       0 |   0.0 |      37 |       0 |   0.0
       D:10 |    1206 |     501 |  29.3 |       8 |       3 |  27.3
            +---------+---------+-------+---------+---------+-------
